 Dungeon Crawl Stone Soup version 0.27-a0-676-gc1da3516c2 (webtiles) character file.

Game seed: 10366519015059751874

2 Areduval the Grasshopper (level 1, 0/17 HPs)
             Began as a Demigod Warper on Mar 18, 2021.
             Succumbed to an adder's poison
             ... on level 2 of the Dungeon.
             The game lasted 00:00:18 (185 turns).

Areduval the Grasshopper (Demigod Warper)            Turns: 185, Time: 00:00:19

Health: 0/17       AC:  3    Str: 12    XL:     1   Next: 26%
Magic:  5/5        EV: 11    Int: 15    God:
Gold:   11         SH:  0    Dex: 13    Spells: 3/3 levels left

rFire    . . .     SeeInvis .   a - +0 spear
rCold    . . .     Faith    .   (no shield)
rNeg     . . .     Spirit   .   b - +0 leather armour
rPois    .         Reflect  .   (no helmet)
rElec    .         Harm     .   (no cloak)
rCorr    .         Rampage  .   (no gloves)
Will     .....                  (no boots)
Stlth    +.........             (no amulet)
HPRegen  0.05/turn              (no ring)
MPRegen  0.09/turn              (no ring)

@: lethally poisoned (0 -> -10)
A: high mp 1, forlorn
a: no special abilities


You were on level 2 of the Dungeon.
You visited 1 branch of the dungeon, and saw 2 of its levels.

You collected 11 gold pieces.

Inventory:

Hand Weapons
 a - a +0 spear (weapon)
Missiles
 e - 5 boomerangs of dispersal (quivered)
Armour
 b - a +0 leather armour (worn)
Scrolls
 c - a scroll of amnesia {unknown}
 d - a scroll of blinking
 f - a scroll of enchant weapon {unknown}


   Skills:
 - Level 1.7 Fighting
 + Level 2.0 Polearms
 - Level 0.8 Throwing
 - Level 0.8 Armour
 - Level 1.7 Dodging
 - Level 1.7 Spellcasting
 - Level 2.6 Translocations


You had 3 spell levels left.
You didn't know any spells.
Your spell library contained the following spells:

 Spells                   Type           Power      Damage    Failure   Level
 Blink                    Tloc           N/A        N/A       14%         2
 Gell's Gravitas          Tloc           4%         N/A       28%         3
 Lesser Beckoning         Tloc           4%         N/A       28%         3
 Teleport Other           Tloc           9%         N/A       28%         3
 Manifold Assault         Tloc           9%         N/A       67%         4


Dungeon Overview and Level Annotations

Branches:
Dungeon (1/15)


Innate Abilities, Weirdness & Mutations

Your attributes grow dramatically as you level up.
You have an increased reservoir of magic. (+10% MP)
You shall have no god before yourself.


Message History

You are too injured to fight recklessly!
You hit the adder.
The adder is heavily wounded.
You feel sick. The adder barely misses you.
The adder bites you but does no damage.
You closely miss the adder.
The adder is heavily wounded.
The adder bites you.
* * * LOW HITPOINT WARNING * * *
You are lethally poisoned!
The adder poisons you!
You miss the adder.
The adder is heavily wounded.
The adder closely misses you.
You closely miss the adder.
The adder is heavily wounded.
* * * LOW HITPOINT WARNING * * *
You feel sick. The adder barely misses you. x2
You hit the adder but do no damage.
The adder is heavily wounded.
The adder bites you but does no damage.
You hit the adder.
The adder is severely wounded.
The adder bites you but does no damage.
You miss the adder.
The adder is severely wounded.
* * * LOW HITPOINT WARNING * * *
You feel sick. The adder misses you. The adder closely misses you.
You closely miss the adder.
The adder is severely wounded.
The adder closely misses you.
You hit the adder.
The adder is almost dead.
The adder bites you.
* * * LOW HITPOINT WARNING * * *
You are more poisoned.
The adder poisons you!
You barely miss the adder.
The adder is almost dead.
You die...

#.....#
#.....#
#.....#
#.....##
#......#####
#..........#
#.....##†#.##
#.....##....#
#########@#.#
#S# # #..
.... #....
###..# ...
....


You could see an adder.

Vanquished Creatures
  A goblin (D:1)
  A bat (D:2)
  A rat (D:1)
3 creatures vanquished.

Notes
Turn   | Place    | Note
-------+----------+-------------------------------------------
     0 | D:1      | Areduval the Demigod Warper began the quest for the Orb.
     0 | D:1      | Reached XP level 1. HP: 17/17 MP: 5/5
   128 | D:1      | You fall into a shaft and drop 1 floor!
   185 | D:2      | Succumbed to an adder's poison

Illustrated notes

Levels and vault maps discovered:
D:1:      dpeg_arrival_concentric_ovals, layout_basic
D:2:      layout_rooms, chequers_big_river, xom_redecorated

Skill      XL: |  1 |
---------------+----+-----
Polearms       | 2 |  2.0
Fighting       | |  1.7
Throwing       | |  0.8
Armour         | |  0.8
Dodging        | |  1.7
Spellcasting   | |  1.7
Translocations | |  2.6

Action                   || total
-------------------------++-------
Melee: Spear             ||    32
Armor: Leather armour    ||     7
Dodge: Dodged            ||    22

Table legend: (Time is in decaauts)
 A = Elapsed time spent in this place.
 B = Non-inter-level travel time spent in this place.
 C = Inter-level travel time spent in this place.
 D = Time resting spent in this place.
 E = Time spent auto-exploring this place.
 F = Levels seen in this place.
 G = Mean time per level.
                   A        B        C        D        E       F      G
               +--------+--------+--------+--------+--------+-----+--------+
         Total |    184 |    184 |      0 |      0 |    138 |   2 |   92.0 |
       Dungeon |    184 |    184 |      0 |      0 |    138 |   2 |   92.0 |
               +--------+--------+--------+--------+--------+-----+--------+

Top non-repeatable levels by time:
     D:1: 128 daAuts
     D:2: 56 daAuts
